 Dungeon Crawl Stone Soup version 0.24.0-2-g5b39cebb1c (webtiles) character file.

Game seed: 97045168228414552, levelgen mode: deterministic

1987 Alarkh the Grappler (level 9, 65/65 HPs)
             Began as a Demonspawn Fighter on Oct 29, 2019.
             Got out of the dungeon alive.
             The game lasted 00:07:44 (5674 turns).

Alarkh the Grappler (Demonspawn Fighter)            Turns: 5674, Time: 00:07:45

Health: 65/65      AC: 10    Str: 17    XL:     9   Next: 1%
Magic:  9/9        EV:  8    Int: 12    God:
Gold:   255        SH:  9    Dex: 13    Spells: 8/8 levels left

rFire    . . .     SeeInvis .     - Unarmed
rCold    . . .     Gourm    .   b - +0 shield
rNeg     . . .     Faith    .   v - +3 ring mail {rPois}
rPois    +         Spirit   +   (no helmet)
rElec    .         Reflect  .   (no cloak)
rCorr    .         Harm     .   (gloves unavailable)
MR       .....                  (no boots)
Stlth    +.........             (no amulet)
HPRegen  0.20/turn              (no ring)
MPRegen  0.11/turn              (no ring)

@: no status effects
A: claws 3, yellow scales 1, spiny 1, magic shield
a: no special abilities


You escaped.
You were hungry.

You visited 1 branch of the dungeon, and saw 6 of its levels.
You also visited: Sewer.

You collected 281 gold pieces.
You spent 26 gold pieces at shops.

Inventory:

Armour
 a - a +0 scale mail
 b - a +0 shield (worn)
 v - a +3 ring mail of poison resistance (worn)
Wands
 q - a wand of digging (12)
Scrolls
 e - 4 scrolls of fog
 h - 3 scrolls of enchant armour {unknown}
 k - 2 scrolls of magic mapping
 l - 2 scrolls of immolation {unknown}
 m - 2 scrolls of remove curse
 p - a scroll of amnesia
 r - 2 scrolls of identify
 u - a scroll of teleportation {unknown}
 w - a scroll of blinking {unknown}
Potions
 c - a potion of invisibility
 f - 4 potions of brilliance
 g - 4 potions of heal wounds
 i - a potion of haste
 j - 3 potions of agility
 n - 3 potions of flight {unknown}
 o - 6 potions of curing {unknown}
 s - 3 potions of lignification {unknown}
 t - a potion of ambrosia
Comestibles
 d - 9 rations


   Skills:
 + Level 3.6 Fighting
 + Level 3.3 Armour
 + Level 1.5 Dodging
 + Level 3.3 Shields
 * Level 10.1 Unarmed Combat


You had 8 spell levels left.
You didn't know any spells.
Your spell library was empty.

Dungeon Overview and Level Annotations

Branches:
Dungeon (6/15)              Sewer (visited)
 Temple: D:4-7

Altars:
Ashenzari
Dithmenos
Elyvilon
Fedhas
Gozag
Hepliaklqana
Kikubaaqudgha
Nemelex Xobeh
Qazlal
Ru
Trog
Vehumet
Yredelemnul
The Shining One

Shops:
D:2 *   D:5 *


Innate Abilities, Weirdness & Mutations

You have claws for hands.
You are partially covered in yellow scales. (AC +2)
You are partially covered in sharp spines.
When hurt, damage is shared between your health and your magic reserves.


Message History

You are feeling hungry.
(D) Dungeon
Where to? (Enter - D:1, ? - help)
There is a stone staircase leading down here.
There is a stone staircase leading up here.
You see here an uncursed ring of attention.
You climb upwards.
There is a stone staircase leading down here.
There is a stone staircase leading up here.
You climb upwards.
There is a stone staircase leading down here.
There is a stone staircase leading up here.
You climb upwards.
There is a stone staircase leading down here.
You see here a +0 dagger.
There is an open door here.
There is an open door here.
There is a staircase leading out of the dungeon here.
Are you sure you want to leave the Dungeon?
This will make you lose the game!
You have escaped!

#.#..#
#≈♣♣≈≈P♣♣≈≈♣.≈
#+#..#
#≈♣.≈≈.P♣≈≈PP≈
.....########
#≈P♣≈≈.PP≈≈♣P≈
.....#......#
#≈PP≈≈PPP≈≈P♣≈
............#
#≈P♣≈≈♣♣.≈≈P♣≈
...#.#......#
#####≈PP≈≈≈≈≈≈≈♣♣≈
...#.#......#
#...#≈..≈.....≈♣♣≈
...#.#......#
#...#≈≈≈≈.###.≈≈≈≈
...#†#......#
#@..'.....#§#.....
...#.#......#
#...#≈≈≈≈.###.≈≈≈≈
...#.#......#
#...#≈♣♣≈.....≈PP≈
...+.......##
#####≈♣♣≈≈≈≈≈≈≈♣P≈
...#########
#≈.♣≈≈♣.P≈≈P.≈
...#
#≈♣P≈≈...≈≈P♣≈
...#####
#≈♣♣≈≈♣PP≈≈PP≈
.......#####
#≈♣P≈≈P♣♣≈≈PP≈
...........#
#≈♣♣≈≈♣.♣≈≈P(≈


There were no monsters in sight!

Vanquished Creatures
  Grinder (D:4)
  A hungry ghost (D:5)
  2 ice beasts (D:5)
  A phantom (D:5)
  2 ogres
  A necrophage (D:6)
  A centaur (D:5)
  A bullfrog (D:6)
  A water moccasin zombie (D:5)
  3 scorpions
  A vampire bat (D:4)
  A howler monkey (D:6)
  A crimson imp (D:5)
  A jelly (D:5)
  3 orc priests
  A centaur skeleton (D:4)
  An iguana (D:6)
  Jessica (D:2)
  Natasha (twice) (D:2)
  An orc wizard (D:3)
  5 worker ants
  A hound zombie (D:6)
  A worker ant zombie (D:5)
  4 gnolls (D:6)
  A howler monkey skeleton (D:6)
  8 adders
  3 oozes
  An adder skeleton (D:5)
  A dart slug (D:1)
  4 worms
  7 leopard geckos
  11 orcs
  5 ball pythons
  4 bat zombies (D:4)
  5 giant cockroaches
  2 gnoll zombies (D:6)
  10 goblins
  9 hobgoblins
  6 jackals
  2 quokkas
  4 bats
  4 frilled lizards
  20 kobolds
  A leopard gecko zombie (D:6)
  A quokka skeleton (D:3)
  16 rats
163 creatures vanquished.

Vanquished Creatures (others)
  A wizard (D:3)
1 creature vanquished.

Grand Total: 164 creatures vanquished

Notes
Turn   | Place    | Note
-------+----------+-------------------------------------------
     0 | D:1      | Alarkh the Demonspawn Fighter began the quest for the Orb.
     0 | D:1      | Reached XP level 1. HP: 18/18 MP: 1/1
    51 | D:1      | Reached skill level 2 in Unarmed Combat
   151 | D:1      | Gained mutation: You have sharp fingernails. [demonic
                  | ancestry]
   151 | D:1      | Reached XP level 2. HP: 5/24 MP: 2/2
   508 | D:1      | Reached skill level 3 in Unarmed Combat
   770 | D:1      | Gained mutation: You are partially covered in sharp spines.
                  | [demonic ancestry]
   770 | D:1      | Reached XP level 3. HP: 26/29 MP: 3/3
   964 | D:2      | Found an opulent altar of Gozag.
   965 | D:2      | Found Gozag's Platinum Reserve.
  1034 | D:2      | Noticed Natasha
  1043 | D:2      | Killed Natasha
  1043 | D:2      | Reached skill level 4 in Unarmed Combat
  1043 | D:2      | Gained mutation: You have very sharp fingernails. [demonic
                  | ancestry]
  1043 | D:2      | Reached XP level 4. HP: 29/35 MP: 4/4
  1574 | D:2      | Found a hazy altar of Hepliaklqana.
  1586 | D:2      | Noticed Jessica
  1596 | D:2      | Killed Jessica
  1756 | D:3      | Found a bloodstained altar of Trog.
  1786 | D:2      | Reached skill level 5 in Unarmed Combat
  1786 | D:2      | Reached XP level 5. HP: 25/41 MP: 5/5
  1787 | D:2      | Noticed Natasha
  1791 | D:2      | Killed Natasha
  1977 | D:2      | Found Gozag's Platinum Reserve.
  1994 | D:2      | Found an opulent altar of Gozag.
  2411 | D:2      | Found a hazy altar of Hepliaklqana.
  2705 | D:3      | Noticed a wizard
  2710 | D:3      | Killed a wizard
  2815 | D:3      | Gained mutation: You are partially covered in yellow
                  | scales. (AC +2) [demonic ancestry]
  2815 | D:3      | Reached XP level 6. HP: 44/47 MP: 6/6
  2818 | D:3      | Reached skill level 6 in Unarmed Combat
  2885 | D:3      | Found a radiant altar of Vehumet.
  2885 | D:3      | Found a glowing golden altar of the Shining One.
  2959 | D:3      | Found a shattered altar of Ashenzari.
  2961 | D:3      | Found a sparkling altar of Nemelex Xobeh.
  3038 | D:4      | Noticed Grinder
  3052 | D:4      | Killed Grinder
  3052 | D:4      | Reached skill level 7 in Unarmed Combat
  3052 | D:4      | Gained mutation: You have claws for hands. [demonic
                  | ancestry]
  3052 | D:4      | Reached XP level 7. HP: 10/52 MP: 7/7
  3255 | D:4      | Found a white marble altar of Elyvilon.
  3385 | D:4      | Found an ancient bone altar of Kikubaaqudgha.
  3494 | D:4      | Found a blossoming altar of Fedhas.
  3804 | D:5      | Entered Level 5 of the Dungeon
  3886 | D:5      | Found a shadowy altar of Dithmenos.
  3996 | D:5      | Reached skill level 8 in Unarmed Combat
  4018 | D:5      | Noticed a hungry ghost
  4027 | D:5      | Found a sacrificial altar of Ru.
  4031 | D:5      | Found a glowing drain.
  4040 | Sewer    | Entered a sewer
  4398 | D:5      | Killed a hungry ghost
  4398 | D:5      | Reached XP level 8. HP: 49/58 MP: 8/8
  4447 | D:5      | Reached skill level 9 in Unarmed Combat
  4616 | D:5      | Found Deske's Assorted Antiques.
  4659 | D:5      | Bought a scroll labeled ZYSHROCKYELIO for 26 gold pieces
  5257 | D:6      | Reached skill level 1 in Dodging
  5257 | D:6      | Reached skill level 10 in Unarmed Combat
  5319 | D:6      | Found a stormy altar of Qazlal.
  5386 | D:6      | Found a basalt altar of Yredelemnul.
  5527 | D:6      | Gained mutation: When hurt, damage is shared between your
                  | health and your magic reserves. [demonic ancestry]
  5527 | D:6      | Reached XP level 9. HP: 63/64 MP: 9/9
  5674 | D:$      | Got out of the dungeon alive.

Levels and vault maps discovered:
D:1:      lightli_arrival_farm, layout_basic, chequers_arboretum
D:2:      layout_basic, overflow_temple_1_default,
          nicolae_gozag_zags_fifth_avenue, uniq_jessica, uniq_natasha
D:3:      cheibrodos_pilgrimage, layout_rooms, gammafunk_temple_overflow_wave,
          chequers_temple_overflow_statue_of_worship, trog_wizard
D:4:      layout_loops_ring, marbit_many_paths, fedhas_altar_2,
          kennysheep_vampire_church, serial_glass, glass_columns_c,
          glass_columns_a, glass_columns_c, glass_columns_b, glass_columns_c,
          glass_columns_a, glass_columns_c, glass_columns_a, uniq_grinder
D:5:      layout_loops_ring, old_standard_altar, first_ration,
          cheibrodos_sewer_entry_drain, serial_shops, shop,
          nicolae_dithmenos_shadow_blocks
D:6:      layout_rooms, grunt_qazlal_clouds, lemuel_zombie_altar_yredelemnul

Skill      XL: |  1  2  3  4  5  6  7  8 |
---------------+-------------------------+-----
Unarmed Combat | 2 3 4 5 7 8 10 | 10.1
Armour         | 3 |  3.3
Dodging        | 1 |  1.5
Shields        | 3 |  3.3
Fighting       | |  3.6

Action                   |  1- 3 |  4- 6 |  7- 9 || total
-------------------------+-------+-------+-------++-------
Melee: Unarmed           |    90 |   101 |   185 ||   376
  Use: Potion            |     1 |       |     1 ||     2
       Scroll            |       |     4 |     5 ||     9
  Eat: Chunk             |       |     3 |     6 ||     9
       Ration            |       |     1 |     1 ||     2
Armor: Scale mail        |    34 |    31 |    38 ||   103
       Ring mail         |       |       |    20 ||    20
Dodge: Dodged            |    19 |    19 |    32 ||    70
Block: Shield            |    40 |    54 |    76 ||   170
